 Dungeon Crawl Stone Soup version 0.23-a0-558-g30802b1 (webtiles) character file.

94906 mhoghedin the Sharpshooter (level 16, -9/106 HPs)
             Began as a Kobold Hunter on Dec 12, 2018.
             Was a High Priest of Trog.
             Mangled by an alligator (17 damage)
             ... on level 2 of the Swamp on Dec 13, 2018.
             The game lasted 01:27:02 (31795 turns).

mhoghedin the Sharpshooter (Kobold Hunter)         Turns: 31795, Time: 01:27:03

Health: -9/106     AC: 14    Str: 15    XL:     16   Next: 61%
Magic:  23/23      EV: 41    Int: 17    God:    Trog [*****.]
Gold:   1524       SH:  0    Dex: 17    Spells: 15/15 levels left

rFire    . . .     SeeInvis +   a - +8 whip "Snakebite" {curare, rPois}
rCold    + . .     Gourm    .   (shield restricted)
rNeg     . . .     Faith    .   V - +1 leather armour of the Crypt {Slay+3}
rPois    +         Spirit   .   s - +0 helmet
rElec    .         Reflect  .   G - +2 cloak
rCorr    .         Harm     .   c - +2 pair of gloves
MR       +....                  X - +2 pair of boots "Mogoduseu" {*Slow rPois Int+3 Slay+2}
Stlth    +++++.....             Y - amulet of the acrobat
HPRegen  0.27/turn              Q - ring of see invisible {sInv, !d}
MPRegen  0.18/turn              P - ring of protection from cold {rC+, !d}

@: about to teleport, berserk cooldown, slowed, very slow
A: small, carnivore, clever 1, high mp 1, mutation resistance 1
a: Berserk, Trog's Hand, Brothers in Arms, Renounce Religion


You were on level 2 of the Swamp.
You worshipped Trog.
Trog was extremely pleased with you.
You were not hungry.

You visited 3 branches of the dungeon, and saw 23 of its levels.
You also visited: Sewer and Bailey.

You collected 1705 gold pieces.
You spent 181 gold pieces at shops.

Inventory:

Hand Weapons
 a - the +8 whip "Snakebite" (weapon) {curare, rPois}
   (You found it on level 2 of the Lair of Beasts)

   It poisons the flesh of those it strikes.
   It protects you from poison.
 b - a +4 triple crossbow of freezing
   (Trog gifted it to you on level 15 of the Dungeon)
Missiles
 d - 338 bolts
 I - a throwing net {=f, !d}
Armour
 c - a +2 pair of gloves (worn)
   (You found it on level 13 of the Dungeon)
 s - a +0 helmet (worn)
   (You found it on level 13 of the Dungeon)
 G - a +2 cloak (worn)
   (You took it off Crazy Yiuf on level 7 of the Dungeon)
 V - the +1 leather armour of the Crypt (worn) {Slay+3}
   (You found it on level 14 of the Dungeon)

   It affects your accuracy and damage with ranged weapons and melee attacks
   (+3).
 X - the +2 pair of boots "Mogoduseu" (worn) {*Slow rPois Int+3 Slay+2}
   (You found it on level 6 of the Lair of Beasts)

   It affects your intelligence (+3).
   It affects your accuracy and damage with ranged weapons and melee attacks
   (+2).
   It protects you from poison.
   It may slow you when you take damage.
Jewellery
 h - an uncursed ring of positive energy {rN+}
   (You found it on level 2 of the Lair of Beasts)
 o - an uncursed ring of flight {+Fly, !d}
   (You found it on level 3 of the Dungeon)
 K - an uncursed ring of protection from fire {rF+, !d}
   (You found it on level 1 of the Lair of Beasts)
 L - an uncursed ring of protection from magic {MR+, !d}
   (You found it on level 8 of the Dungeon)
 M - an uncursed ring of positive energy {rN+}
   (You found it on level 8 of the Dungeon)
 N - an uncursed ring of ice {rC+, rF-}
   (You found it on level 14 of the Dungeon)
 P - a ring of protection from cold (right hand) {rC+, !d}
   (You found it on level 1 of the Lair of Beasts)
 Q - a ring of see invisible (left hand) {sInv, !d}
   (You found it on level 1 of the Lair of Beasts)
 Y - an amulet of the acrobat (around neck)
   (You found it on level 14 of the Dungeon)
Wands
 n - a wand of acid (28)
   (You found it on level 3 of the Dungeon)
 y - a wand of flame (57)
   (You found it on level 4 of the Lair of Beasts)
 D - a wand of paralysis (12)
   (You found it on level 14 of the Dungeon)
 E - a wand of digging (7)
   (You found it on level 1 of the Swamp)
 F - a wand of disintegration (31)
   (You took it off an orc on level 7 of the Dungeon)
 H - a wand of clouds (2)
   (You found it on level 7 of the Dungeon)
 J - a wand of random effects (14)
   (You found it on level 1 of the Swamp)
 T - a wand of iceblast (13)
   (You found it on level 4 of the Lair of Beasts)
Scrolls
 g - 7 scrolls of remove curse
 i - a scroll of blinking {!r}
 j - 5 scrolls of magic mapping {!r}
 k - 3 scrolls of fog
 l - 4 scrolls of immolation {!r}
 w - a scroll of identify
 A - 9 scrolls of teleportation
 R - a scroll of silence
 U - 3 scrolls of fear
 Z - 4 scrolls of vulnerability {!r!r}
Potions
 e - 3 potions of lignification {!q}
 m - 6 potions of curing
 p - 2 potions of cancellation
 r - 2 potions of ambrosia
 t - 4 potions of agility
 u - 2 potions of haste
 v - 2 potions of flight
 x - 2 potions of brilliance
 z - 7 potions of heal wounds
 B - 3 potions of magic
 C - 2 potions of might
 O - 2 potions of resistance
Miscellaneous
 W - a phial of floods
   (You found it on level 6 of the Lair of Beasts)
Comestibles
 f - 34 rations


   Skills:
 - Level 14.1 Fighting
   Level 10.1 Short Blades
 - Level 10.0 Maces & Flails
 + Level 17.0 Crossbows
 - Level 15.2 Dodging
 - Level 10.6 Stealth
 - Level 6.7 Evocations


You had 15 spell levels left.
You didn't know any spells.
Your spell library was empty.

Dungeon Overview and Level Annotations

Branches:
Dungeon (15/15)            Temple (0/1) D:7            Lair (6/6) D:9
  Swamp (2/4) Lair:3        Snake (0/4) Lair:3        Slime (0/5) Lair:5
    Orc (0/2) D:11         Vaults (0/5) D:13         Depths (0/5) D:15

Altars:
Ashenzari
Cheibriados
Dithmenos
Gozag
Hepliaklqana
Qazlal
Sif Muna
Trog
Uskayaw
Wu Jian
Xom
Yredelemnul
Zin
The Shining One
Beogh
Jiyva

Shops:
D:5 (

Annotations:
Lair:1 3 runed doors, exclusion: 2 jellies, EnegeticOcto's ghost, journeyman KoAK


Innate Abilities, Weirdness & Mutations

You are small and have problems with some larger weapons.
You are carnivorous and can eat meat at any time.
Your mind is acute. (Int +2)
You have an increased reservoir of magic. (+10% MP)
You are somewhat resistant to further mutation.


Message History

The slime creature completely misses you.
You take 11 damage, and have 77/106 hp.
Firing (i - inventory. (/) - cycle)
d - 341 bolts (quivered)
Aim: a thorn hunter (severely damaged)
You shoot a bolt. The bolt hits the thorn hunter!
The bolt freezes the thorn hunter.
The thorn hunter fires a volley of thorns at you.
The volley of thorns hits you! The slime creature hits you.
You take 15 damage, and have 62/106 hp.
Unknown command.
You are too injured to fight recklessly!
Unknown command.
You are too injured to fight recklessly!
Firing (i - inventory. (/) - cycle)
d - 340 bolts (quivered)
Aim: a thorn hunter (almost destroyed)
You shoot a bolt.
The bolt closely misses the thorn hunter.
The thorn hunter completely misses you. x2; The insubstantial wisp blinks!
The slime creature misses you.
A slime creature suddenly becomes a large slime creature.
The thorn hunter completely misses you.
The thorn hunter hits you but does no damage.
Two slime creatures merge to form a very large slime creature.
The slime creature hits you.
You take 1 damage, and have 61/106 hp.
Firing (i - inventory. (/) - cycle)
d - 339 bolts (quivered)
Aim: a thorn hunter (almost destroyed)
You shoot a bolt. The bolt hits the thorn hunter.
The bolt freezes the thorn hunter.
The thorn hunter fires a volley of thorns at you.
The volley of thorns hits you!
* * * LOW HITPOINT WARNING * * *
The slime creature hits you!
* * * LOW HITPOINT WARNING * * *
The thorn hunter gestures.
Thorny briars emerge from the ground!
The insubstantial wisp completely misses you.
You take 42 damage, and have 19/106 hp.
MASSIVE DAMAGE!!
As you read the scroll of teleportation, it crumbles to dust.
You feel strangely unstable.
The thorn hunter fires a volley of thorns at you.
The volley of thorns misses you.
The slime creature completely misses you.
The insubstantial wisp closely misses you.
Unknown command.
Wield which item (- for none, * to show all)? (? for menu, Esc to quit)
Your +4 triple crossbow of freezing stops glowing.
The +8 whip "Snakebite" {curare, rPois} begins to drip with poison!
a - the +8 whip "Snakebite" (weapon)
{curare, rPois} The thorn hunter hits you but does no damage.
The thorn hunter closely misses you.
The slime creature hits you but does no damage.
A red film seems to cover your vision as you go berserk!
You feel yourself moving faster!
You feel mighty!
You feel a lot more hungry.
The thorn hunter fires a volley of thorns at you.
The volley of thorns misses you.
The insubstantial wisp hits you but does no damage.
The slime creature hits you!
* * * LOW HITPOINT WARNING * * *
You now have 20/159 hp.
You thrash the thorn hunter!!
You destroy the thorn hunter!
Trog accepts your kill.
Your Crossbows skill increases to level 17!
You thrash the very large slime creature!!
Your surroundings suddenly seem different.
A slime creature comes into view.
The slime creature quivers.
A slime creature comes into view.
The slime creature quivers.
A slime creature comes into view.
The slime creature quivers.
The alligator puts on a burst of speed!
An alligator comes into view.
You feel a strong urge to attack something.
You enter the shallow water.
Moving in this stuff is going to be slow.
You feel your anger nearly subside.
You are no longer berserk.
You are exhausted.
You feel yourself slow down.
You now have 14/106 hp.
Unknown command.
The alligator completely misses you. x2
The alligator completely misses you. x2; The alligator barely misses you.
The alligator completely misses you.
As you read the scroll of teleportation, it crumbles to dust.
You feel strangely unstable. The alligator bites you!
* * * LOW HITPOINT WARNING * * *
The alligator tail-slaps you but does no damage.
The slime creature hits you but does no damage.
The alligator closely misses you. The alligator completely misses you.
You take 8 damage, and have 8/106 hp.
Unknown command.
The slime creature misses you.
The slime creature completely misses you.
The alligator bites you!
You die...

♣♣≈♣♣ ≈...
♣≈.≈ ..≈ ≈.
.♣♣ ♣♣♣♣♣♣..♣
♣≈..t@≈.♣♣
♣≈.≈JJJ.≈♣!
♣♣..§≈≈≈≈§≈...
♣≈≈..≈≈≈.♣≈...
♣.≈≈.≈≈≈.≈..♣♣
♣≈...≈≈..≈≈≈.♣
♣♣≈......(.≈≈♣
♣♣.≈≈≈≈.....
≈..≈≈≈..♣≈


You could see an alligator and 3 slime creatures.

Vanquished Creatures
  Jorgrun (Swamp:1)
  A sphinx (D:14)
  Kirke (D:13)
  2 thorn hunters
  A very ugly thing (Swamp:1)
  A vampire knight (D:13)
  2 dire elephants (Lair:6)
  Josephine (Lair:6)
  A yaktaur captain (D:15)
  Erolcha (D:13)
  2 catoblepae
  An anaconda (Lair:6)
  7 hydras
  A ghost crab (Swamp:1)
  3 centaur warriors
  2 alligators (Swamp:1)
  6 two-headed ogres
  A tengu warrior (D:14)
  3 spriggans
  Sonja (Lair:6)
  7 death yaks (Lair:4)
  An iron troll (D:13)
  6 unseen horrors
  Pikel (D:7)
  A lindwurm (D:13)
  2 orc knights (D:15)
  A necromancer (D:13)
  A wizard (D:14)
  2 oklob plants
  A manticore (D:11)
  A wolf spider zombie (D:14)
  A cyclops (D:12)
  A deep elf mage (D:14)
  6 ugly things
  14 elephants
  6 black mambas
  11 spiny frogs
  2 rime drakes
  A kobold demonologist (D:10)
  4 komodo dragons
  A yaktaur (D:15)
  3 polar bears
  2 tyrant leeches
  5 hornets
  2 trolls
  A meliai zombie (D:15)
  14 slime creatures
  4 blink frogs (Lair:4)
  10 hippogriffs
  6 dream sheep (Lair:5)
  2 shadows
  Sigmund (D:2)
  A vampire (D:12)
  36 yaks
  4 wraiths
  4 wyverns
  A basilisk (D:12)
  Edmund (D:6)
  2 hungry ghosts
  A steam dragon (D:15)
  15 vampire mosquitoes
  2 swamp worms
  A warg (D:15)
  4 soldier ants
  10 insubstantial wisps
  An acid dragon (D:13)
  7 porcupines
  16 orc warriors
  6 swamp drakes
  14 water moccasins
  5 black bears
  A slave (D:7)
  2 ice beasts
  2 ogres (D:7)
  3 sky beasts
  6 phantoms
  37 wolves
  20 centaurs
  6 crocodiles
  6 big kobolds (D:10)
  13 bullfrogs
  2 gnoll sergeants
  2 wyvern zombies
  A wyvern skeleton (D:11)
  4 scorpions
  A water moccasin skeleton (D:7)
  9 killer bees
  2 electric eels
  3 howler monkeys
  3 centaur zombies
  3 crimson imps
  3 bullfrog skeletons
  3 hounds
  10 jellies
  6 orc priests
  5 centaur skeletons
  Crazy Yiuf (D:7)
  3 iguanas
  Natasha (thrice) (D:2)
  9 worker ants
  15 orc wizards
  A hound skeleton (D:7)
  A mummy (D:4)
  A howler monkey zombie (D:9)
  A worker ant zombie (D:5)
  11 gnolls
  23 adders
  9 shadow imps
  15 oozes
  An adder skeleton (D:5)
  3 worms
  3 dart slugs
  2 leopard geckos
  60 orcs
  10 bats
  5 giant cockroaches
  3 goblins
  8 hobgoblins
  32 jackals
  6 quokkas
  6 ball pythons
  8 frilled lizards
  20 kobolds
  A quokka skeleton (D:9)
  6 rats
  A fungus (Lair:3)
  4 plants
716 creatures vanquished.

Vanquished Creatures (collateral kills)
  Rupert (Lair:6)
  A dire elephant (Lair:6)
  A vampire (D:12)
  A bat (D:12)
4 creatures vanquished.

Vanquished Creatures (others)
  A human (D:13)
  2 slaves (D:7)
  A killer bee (D:7)
  A crimson imp (D:7)
  A bullfrog skeleton (D:13)
  A bush (Lair:4)
  12 fungi
  14 plants
33 creatures vanquished.

Grand Total: 753 creatures vanquished

Notes
Turn   | Place    | Note
-------+----------+-------------------------------------------
     0 | D:1      | mhoghedin the Kobold Hunter began the quest for the Orb.
     0 | D:1      | Reached XP level 1. HP: 12/12 MP: 1/1
    55 | D:1      | Reached skill level 1 in Short Blades
    72 | D:1      | Reached skill level 2 in Short Blades
    72 | D:1      | Reached XP level 2. HP: 17/17 MP: 2/2
   715 | D:1      | Reached XP level 3. HP: 11/21 MP: 3/3
   874 | D:2      | Reached skill level 3 in Short Blades
   874 | D:2      | Reached skill level 2 in Stealth
   907 | D:2      | Noticed Natasha
   930 | D:2      | Killed Natasha
  1094 | D:2      | Noticed Sigmund
  1141 | D:2      | Found a bloodstained altar of Trog.
  1163 | D:2      | Reached XP level 4. HP: 21/26 MP: 4/4
  1181 | D:2      | Became a worshipper of Trog the Wrathful
  1201 | D:2      | Killed Sigmund
  1201 | D:2      | Reached skill level 5 in Short Blades
  1201 | D:2      | Reached skill level 5 in Stealth
  1201 | D:2      | Reached XP level 5. HP: 15/30 MP: 5/5
  1201 | D:2      | Reached XP level 6. HP: 18/35 MP: 6/6
  1419 | D:2      | Noticed Natasha
  1435 | D:2      | Killed Natasha
  1439 | D:2      | Gained mutation: You have an increased reservoir of magic.
                  | (+10% MP) [potion of mutation]
  1439 | D:2      | Gained mutation: You are clumsy. (Dex -2) [potion of
                  | mutation]
  1439 | D:2      | Gained mutation: You are frail. (-10% HP) [potion of
                  | mutation]
  1439 | D:2      | Gained mutation: Your mind is acute. (Int +2) [potion of
                  | mutation]
  1688 | D:2      | Noticed Natasha
  1704 | D:2      | Killed Natasha
  1731 | D:2      | Found a snail-covered altar of Cheibriados.
  2356 | D:3      | Reached skill level 6 in Short Blades
  2374 | D:3      | Reached skill level 6 in Stealth
  2470 | D:3      | Reached * piety under Trog
  2728 | D:3      | Found an ornate altar of the Wu Jian Council.
  2825 | D:3      | Found a hide-covered altar of Uskayaw.
  3285 | D:4      | Reached XP level 7. HP: 36/36 MP: 7/7
  3639 | D:4      | Found a hazy altar of Hepliaklqana.
  3711 | D:4      | Reached skill level 7 in Stealth
  3805 | D:4      | Reached skill level 7 in Short Blades
  4129 | D:4      | Found a snail-covered altar of Cheibriados.
  4173 | D:5      | Entered Level 5 of the Dungeon
  4243 | D:5      | Found a glowing drain.
  4252 | D:5      | Found a deep blue altar of Sif Muna.
  4306 | Sewer    | Entered a sewer
  5264 | D:5      | Reached ** piety under Trog
  5521 | D:5      | Reached skill level 8 in Stealth
  5521 | D:5      | Reached XP level 8. HP: 39/39 MP: 8/8
  5620 | D:5      | Found Ustrouc's Antique Weapon Shoppe.
  5627 | D:5      | Reached skill level 8 in Short Blades
  5661 | D:5      | Bought a runed blowgun for 181 gold pieces
  5994 | D:5      | Found a stormy altar of Qazlal.
  6198 | D:6      | Found a shadowy altar of Dithmenos.
  6344 | D:6      | Noticed Edmund
  6367 | D:6      | Killed Edmund
  6367 | D:6      | Reached skill level 9 in Short Blades
  6367 | D:6      | Reached skill level 9 in Stealth
  6662 | D:6      | Reached skill level 10 in Stealth
  6666 | D:6      | Reached XP level 9. HP: 43/43 MP: 9/9
  6679 | D:6      | Reached skill level 10 in Short Blades
  6765 | D:6      | Reached skill level 3 in Fighting
  6765 | D:6      | Reached skill level 3 in Dodging
  6873 | D:6      | Reached *** piety under Trog
  7206 | D:7      | Reached skill level 4 in Dodging
  7297 | D:7      | Reached skill level 4 in Fighting
  7479 | D:7      | Reached skill level 5 in Dodging
  7482 | D:7      | Noticed Pikel
  7516 | D:7      | Killed Pikel
  7516 | D:7      | Reached skill level 5 in Fighting
  7516 | D:7      | Reached skill level 6 in Dodging
  7728 | D:7      | Reached XP level 10. HP: 54/54 MP: 11/11
  7758 | D:7      | Found a glowing golden altar of the Shining One.
  7772 | D:7      | Reached skill level 6 in Fighting
  7814 | D:7      | Found a basalt altar of Yredelemnul.
  7816 | D:7      | Noticed a profane servitor
  7906 | D:7      | Found a staircase to the Ecumenical Temple.
  8174 | D:7      | Reached skill level 7 in Dodging
  8292 | D:7      | Found a runed door.
  8646 | D:7      | Found a glowing silver altar of Zin.
  8709 | D:7      | Noticed an angel
  8769 | D:7      | Noticed Crazy Yiuf
  8773 | D:7      | Killed Crazy Yiuf
  8821 | D:8      | Found a shimmering altar of Xom.
  8830 | D:8      | Found a shattered altar of Ashenzari.
  8914 | D:8      | HP: 11/54 [wyvern (15)]
  8922 | D:8      | Reached skill level 7 in Fighting
  9161 | D:8      | Reached skill level 8 in Dodging
  9309 | D:8      | Noticed a two-headed ogre
  9320 | D:8      | Killed a two-headed ogre
  9327 | D:8      | Reached skill level 8 in Fighting
  9340 | D:8      | HP: 9/57 [troll (9)]
  9611 | D:8      | Reached **** piety under Trog
  9611 | D:8      | Reached skill level 9 in Dodging
 10279 | D:8      | Found a deep blue altar of Sif Muna.
 10403 | D:9      | Found a staircase to the Lair.
 10425 | Lair:1   | Entered Level 1 of the Lair of Beasts
 10430 | Lair:1   | Reached skill level 9 in Fighting
 10448 | Lair:1   | Reached XP level 11. HP: 63/63 MP: 12/12
 10466 | Lair:1   | Noticed a five-headed hydra
 10471 | Lair:1   | Killed a five-headed hydra
 10471 | Lair:1   | Reached skill level 10 in Dodging
 10476 | Lair:1   | Lost mutation: You are frail. (-10% HP) [potion of
                  | mutation]
 10476 | Lair:1   | Lost mutation: You are clumsy. (Dex -2) [potion of
                  | mutation]
 10476 | Lair:1   | Gained mutation: You are somewhat resistant to further
                  | mutation. [potion of mutation]
 10633 | Lair:1   | Reached skill level 10 in Fighting
 10642 | Lair:1   | Reached skill level 11 in Dodging
 10895 | Lair:1   | Found a runed gate.
 10901 | Lair:1   | Found a runed gate.
 10901 | Lair:1   | Found a runed gate.
 10989 | Lair:1   | Noticed a death ooze
 10993 | Lair:1   | Noticed EnegeticOcto's ghost (journeyman KoAK)
 10995 | Lair:1   | Found a viscous altar of Jiyva.
 11391 | Lair:2   | Noticed a spriggan rider
 11684 | Lair:1   | Reached skill level 11 in Fighting
 11743 | Lair:2   | Received a gift from Trog
 11750 | Lair:2   | Reached skill level 12 in Dodging
 12103 | Lair:2   | Noticed a five-headed hydra
 12109 | Lair:1   | Reached XP level 12. HP: 40/80 MP: 13/13
 12294 | Lair:2   | Killed a five-headed hydra
 12435 | Lair:2   | Reached skill level 5 in Crossbows
 12450 | Lair:2   | Killed a spriggan rider
 12450 | Lair:2   | Reached skill level 6 in Crossbows
 12685 | Lair:2   | Reached skill level 7 in Crossbows
 12732 | Lair:2   | Reached ***** piety under Trog
 13001 | Lair:2   | Reached skill level 8 in Crossbows
 13384 | Lair:2   | Received a gift from Trog
 13433 | Lair:2   | Reached skill level 9 in Crossbows
 13453 | Lair:2   | HP: 20/80 [poisoned by a black mamba]
 13458 | Lair:2   | HP: 16/80 [poisoned by a black mamba]
 13464 | Lair:2   | HP: 14/80 [poisoned by a black mamba]
 13469 | Lair:2   | HP: 13/80 [poisoned by a black mamba]
 13474 | Lair:2   | HP: 13/80 [poisoned by a black mamba]
 13804 | Lair:2   | Found the +8 whip "Snakebite" {curare, rPois}
 13805 | Lair:2   | Received a gift from Trog
 14275 | Lair:3   | You fall through a shaft!
 14282 | Lair:4   | Reached skill level 1 in Maces & Flails
 14289 | Lair:4   | Noticed a death yak
 14290 | Lair:4   | Noticed a death yak
 14290 | Lair:4   | Noticed a death yak
 14307 | Lair:4   | Noticed a death yak
 14310 | Lair:4   | Noticed a death yak
 14318 | Lair:4   | Noticed a death yak
 14323 | Lair:4   | Noticed a death yak
 14342 | Lair:4   | Got a crude robe
 14354 | Lair:4   | Found a hide-covered altar of Uskayaw.
 14360 | Lair:4   | Reached skill level 2 in Maces & Flails
 14387 | Lair:4   | Reached skill level 3 in Maces & Flails
 14398 | Lair:4   | Identified the cursed +0 robe of the Earth {rF+ rC- Dex+4
                  | Stlth+} (You found it on level 4 of the Lair of Beasts)
 14643 | Lair:4   | Noticed a catoblepas
 14657 | Lair:4   | Killed a catoblepas
 14657 | Lair:4   | Reached skill level 4 in Maces & Flails
 15082 | Lair:4   | Killed a death yak
 15325 | Lair:4   | Killed a death yak
 15325 | Lair:4   | Reached skill level 5 in Maces & Flails
 15325 | Lair:4   | Reached XP level 13. HP: 85/85 MP: 14/14
 15345 | Lair:4   | Reached skill level 6 in Maces & Flails
 15348 | Lair:4   | Reached skill level 7 in Maces & Flails
 15862 | Lair:5   | Reached skill level 10 in Crossbows
 16128 | Lair:5   | HP: 18/85 [elephant (19)]
 16133 | Lair:5   | HP: 24/127 [elephant (2)]
 16133 | Lair:5   | Reached skill level 12 in Fighting
 16136 | Lair:5   | Reached skill level 13 in Dodging
 16140 | Lair:5   | HP: 16/129 [elephant (3)]
 16154 | Lair:5   | HP: 19/129 [elephant (1)]
 17002 | Lair:5   | Reached skill level 11 in Crossbows
 17010 | Lair:5   | Received a gift from Trog
 17504 | Lair:5   | Found a viscous altar of Jiyva.
 17504 | Lair:5   | Found a staircase to the Slime Pits.
 17633 | Lair:6   | Entered Level 6 of the Lair of Beasts
 17675 | Lair:6   | Noticed Josephine
 17686 | Lair:6   | HP: 19/87 [wraith[Josephine] (11)]
 17734 | Lair:6   | HP: 12/87 [polar bear (12)]
 17788 | Lair:6   | Reached skill level 8 in Maces & Flails
 17993 | Lair:6   | HP: 16/87 [black mamba (12)]
 18303 | Lair:6   | Reached XP level 14. HP: 92/92 MP: 15/15
 18376 | Lair:6   | HP: 9/92 [spiny frog (25)]
 18718 | Lair:6   | Received a gift from Trog
 18769 | Lair:6   | HP: 21/92 [six-headed hydra (9)]
 18770 | Lair:6   | HP: 8/92 [six-headed hydra (12)]
 18771 | Lair:6   | HP: 2/138 [six-headed hydra (10)]
 18862 | Lair:6   | Noticed Rupert
 18939 | Lair:6   | Killed Rupert
 19134 | Lair:6   | Found an opulent altar of Gozag.
 19167 | Lair:6   | HP: 15/92 [eight-headed hydra (12)]
 19193 | Lair:6   | HP: 26/138 [eight-headed hydra (6)]
 19527 | Lair:6   | Noticed Sonja
 19536 | Lair:6   | Killed Sonja
 19792 | Lair:6   | Killed Josephine
 19792 | Lair:6   | Reached skill level 13 in Fighting
 19792 | Lair:6   | Reached skill level 14 in Dodging
 20293 | Lair:6   | Reached skill level 12 in Crossbows
 20500 | Lair:6   | Noticed a dire elephant
 20624 | Lair:6   | Noticed a dire elephant
 20624 | Lair:6   | Noticed a dire elephant
 20634 | Lair:6   | Killed a dire elephant
 20641 | Lair:6   | Killed a dire elephant
 20650 | Lair:6   | Got a pair of scorched boots
 20761 | Lair:6   | Identified the +2 pair of boots "Mogoduseu" {*Slow rPois
                  | Int+3 Slay+2} (You found it on level 6 of the Lair of
                  | Beasts)
 20802 | Lair:6   | HP: 25/141 [dire elephant (22)]
 20804 | Lair:6   | Killed a dire elephant
 21256 | D:9      | Reached skill level 9 in Maces & Flails
 22063 | D:10     | Entered Level 10 of the Dungeon
 22176 | D:10     | Found a flagged portal.
 22186 | Bailey   | Entered a bailey
 22403 | D:10     | Received a gift from Trog
 22813 | D:10     | Received a gift from Trog
 23006 | D:11     | Found a staircase to the Orcish Mines.
 23029 | D:11     | Found a roughly hewn altar of Beogh.
 23280 | D:11     | Identified the +5 broad axe of Indignation {chop, *Drain
                  | +Inv SInv} (You found it on level 11 of the Dungeon)
 23858 | D:12     | Reached XP level 15. HP: 92/99 MP: 16/16
 24704 | D:12     | Reached skill level 13 in Crossbows
 24975 | D:13     | Received a gift from Trog
 24975 | D:13     | Reached skill level 15 in Dodging
 25286 | D:13     | Noticed Kirke
 25304 | D:13     | Killed Kirke
 25304 | D:13     | Reached skill level 14 in Fighting
 25367 | D:13     | Noticed Erolcha
 25378 | D:13     | Killed Erolcha
 25681 | D:13     | Received a gift from Trog
 25681 | D:13     | Reached skill level 10 in Maces & Flails
 25907 | D:13     | Found a gate to the Vaults.
 25969 | D:14     | Reached skill level 1 in Evocations
 25986 | D:14     | Found a shadowy altar of Dithmenos.
 26005 | D:14     | Reached skill level 2 in Evocations
 26019 | D:14     | You fall through a shaft!
 26019 | D:15     | Entered Level 15 of the Dungeon
 26084 | D:15     | Reached skill level 3 in Evocations
 26341 | D:15     | Reached skill level 4 in Evocations
 26459 | D:15     | Reached skill level 5 in Evocations
 26646 | D:15     | Found a staircase to the Depths.
 27280 | D:15     | Reached skill level 6 in Evocations
 27310 | D:15     | Received a gift from Trog
 27947 | D:14     | Got a spiked leather armour
 27964 | D:14     | Identified the +1 leather armour of the Crypt {Slay+3} (You
                  | found it on level 14 of the Dungeon)
 28141 | D:14     | Noticed a sphinx
 28158 | D:14     | Killed a sphinx
 28171 | D:14     | Reached skill level 14 in Crossbows
 28393 | D:14     | Identified a scroll of acquirement
 28402 | D:14     | Got a shimmering wooden ring
 28403 | D:14     | Identified the ring of Ishirch {rPois EV+3} (You acquired
                  | it on level 14 of the Dungeon)
 28980 | Lair:3   | Reached XP level 16. HP: 106/106 MP: 23/23
 29073 | Lair:3   | Found a staircase to the Swamp.
 29475 | Lair:3   | Found a staircase to the Snake Pit.
 29799 | Swamp:1  | Entered Level 1 of the Swamp
 29996 | Swamp:1  | Reached skill level 15 in Crossbows
 30477 | Swamp:1  | Received a gift from Trog
 30520 | Swamp:1  | Got a distressingly furry leather armour
 30524 | Swamp:1  | Identified the +1 leather armour of the Falcon {rC+ rCorr
                  | Str+4 Stlth-} (You found it on level 1 of the Swamp)
 30778 | Swamp:1  | Noticed Jorgrun
 30787 | Swamp:1  | Killed Jorgrun
 30787 | Swamp:1  | Reached skill level 16 in Crossbows
 30903 | Swamp:1  | Paralysed by a hornet for 3 turns
 30911 | Swamp:1  | Noticed a thorn hunter
 30922 | Swamp:1  | HP: 35/159 [thorn hunter/volley of thorns (23)]
 30926 | Swamp:1  | Killed a thorn hunter
 30928 | Swamp:1  | HP: 35/159 [poisoned by a hornet]
 30934 | Swamp:1  | HP: 23/106 [poisoned by a hornet]
 30940 | Swamp:1  | HP: 23/106 [poisoned by a hornet]
 31770 | Swamp:2  | Noticed a thorn hunter
 31780 | Swamp:2  | HP: 19/106 [slime creature (10)]
 31784 | Swamp:2  | Killed a thorn hunter
 31784 | Swamp:2  | Reached skill level 17 in Crossbows
 31794 | Swamp:2  | HP: 8/106 [alligator (8)]
 31795 | Swamp:2  | Mangled by an alligator

Vault maps used:
D:1:      lightli_arrival_flooded_house
D:2:      lemuel_crystal_altar, kennysheep_slug_shrine, serial_co_window_serial,
          co_window_paths_a, co_window_cross_1, co_window_corner_a,
          co_window_paths_a, co_window_paths_b, co_window_broadway_b,
          co_window_paths_c, co_window_corner_b, co_window_of_opportunity_c,
          co_window_broadway_a, co_window_4corner_b, glass_columns_a,
          glass_columns_b, glass_columns_c, glass_columns_b, glass_columns_a,
          uniq_sigmund, uniq_natasha
D:3:      overflow_temple_1_default, marbit_many_paths, first_ration
D:4:      kennysheep_mini, chei_slow_surprise
D:5:      old_standard_altar, serial_shops, nicolae_shop_statue_plus,
          gup_sewer_entry_glass, nicolae_qazlal_eye_of_the_storm
D:6:      basic_altar, uniq_edmund
D:7:      grunt_temple_overflow_holy_war, lemuel_coloured_pillars_altar,
          minmay_temple_entry_antechambers, hangedman_abyss_or_decor_passed,
          minmay_misc_feat_iff, grunt_ogre_cave, minmay_manual_mess,
          uniq_crazy_yiuf_cottage, uniq_pikel
D:8:      ashenzari_altar_1, basic_altar, lemuel_blue_sif_altar
D:9:      dpeg_oklobed_lair, lightli_orcish_oven
D:10:     enter_bailey_2, special_room, hangedman_decor_riveting
D:11:     minmay_orc_entry_temple_small
D:12:     hangedman_batty
D:13:     david_vaults_4, kennysheep_just_a_vault, uniq_erolcha, uniq_kirke
D:14:     lemuel_altar_in_water, kennysheep_four_rooms
D:15:     grunt_enter_depths_snipers, minmay_curled_crystal
Lair:1:   gammafunk_ghost_ooze, st_stairs_12, chequers_serial_rivers_large_b
Lair:2:   minmay_guarded_unrand_snakebite, grunt_forest_large_clearings,
          grunt_megastairs_3
Lair:3:   lemuel_slime, minmay_swamp_entry_swarm, dummy_snake_entry,
          lemuel_fruit_tree
Lair:4:   basic_altar, columned_hall_lemuel
Lair:5:   dpeg_slime_entry_enclosed_altar, forest_entry_grove
Lair:6:   due_jungle_book, lemuel_oklob_altar, serial_bayou_shore_b,
          serial_bayou_shore_a, uniq_josephine, uniq_sonja, uniq_rupert
Swamp:1:  evilmike_swamp_ruin_house_5, swamp_pool2, uniq_jorgrun
Swamp:2:  evilmike_swamp_ruin_rubble_1
Sewer:    sewer_co_scattered_pipes
Bailey:   bailey_axe_1, bailey

Skill      XL: |  1  2  3  4  5  6  7  8  9 10 11 12 13 14 15 16 |
---------------+-------------------------------------------------+-----
Short Blades   | 2 3 5 6 7 9 10 | 10.1
Stealth        | 2 5 6 8 10 | 10.6
Fighting       | 5 9 11 12 13 14 | 14.1
Dodging        | 6 9 12 13 14 15 | 15.2
Crossbows      | 9 11 12 14 17 | 17.0
Maces & Flails | 5 8 9 10 | 10.0
Evocations     | 6 |  6.7

Action                   |  1- 3 |  4- 6 |  7- 9 | 10-12 | 13-15 | 16-18 || total
-------------------------+-------+-------+-------+-------+-------+-------++-------
Melee: Dagger            |    47 |   163 |   322 |   648 |    57 |       ||  1237
       Short sword       |       |       |   126 |       |       |       ||   126
       Whip              |       |       |       |    64 |  1131 |    67 ||  1262
 Fire: Hand crossbow     |    16 |       |    11 |    29 |       |       ||    56
       Blowgun           |       |       |     5 |     4 |     1 |       ||    10
       Arbalest          |       |       |       |       |   122 |       ||   122
       Triple crossbow   |       |       |       |       |    59 |   200 ||   259
Invok: Berserk           |       |     1 |     9 |    20 |    16 |     4 ||    50
       Trog's Hand       |       |       |     1 |       |     4 |     1 ||     6
       Brothers in Arms  |       |       |       |       |     3 |       ||     3
Evoke: Wand              |       |       |     3 |       |    13 |       ||    16
       Phial of floods   |       |       |       |       |     2 |       ||     2
  Use: Scroll            |     1 |     5 |    11 |    16 |    18 |     7 ||    58
       Potion            |     1 |     1 |     2 |     1 |     4 |     1 ||    10
 Stab: Sleeping          |     2 |     8 |    16 |    28 |    33 |       ||    87
       Distracted        |       |     1 |     2 |     4 |     2 |       ||     9
       Confused          |       |       |       |       |     9 |       ||     9
       Petrifying        |       |       |       |       |     1 |       ||     1
       Petrified         |       |       |       |       |     1 |       ||     1
  Eat: Chunk             |     2 |     5 |    26 |    40 |    46 |       ||   119
       Ration            |       |       |     3 |     1 |    12 |     5 ||    21
Armor: Leather armour    |     7 |    30 |    58 |    80 |     4 |    34 ||   213
       Skin              |       |       |    11 |       |    23 |       ||    34
       Robe              |       |       |       |     1 |   132 |       ||   133
Dodge: Dodged            |    23 |    91 |   146 |   574 |  1151 |   202 ||  2187

Table legend:
 A = Non-vault XP
 B = Vault XP
 C = Vault XP percentage of total XP
 D = Non-vault monster count
 E = Vault monster count
 F = Vault count percentage of total count
                 A         B        C        D         E       F
            +---------+---------+-------+---------+---------+-------
      Total |   96271 |   39310 |  29.0 |     510 |     204 |  28.6
            +---------+---------+-------+---------+---------+-------
        D:1 |      29 |       0 |   0.0 |      18 |       0 |   0.0
        D:2 |     136 |     259 |  65.6 |      18 |       3 |  14.3
        D:3 |      48 |       3 |   5.9 |      19 |       1 |   5.0
        D:4 |     258 |      18 |   6.5 |      11 |       1 |   8.3
        D:5 |     424 |      40 |   8.6 |      23 |       3 |  11.5
        D:6 |    1133 |     187 |  14.2 |      24 |       1 |   4.0
        D:7 |     959 |     950 |  49.8 |      23 |       6 |  20.7
        D:8 |    3033 |       0 |   0.0 |      44 |       0 |   0.0
        D:9 |    1586 |     145 |   8.4 |      23 |       6 |  20.7
       D:10 |    1869 |     957 |  33.9 |      18 |      10 |  35.7
       D:11 |    2748 |     307 |  10.0 |      17 |      10 |  37.0
       D:12 |    8569 |    2805 |  24.7 |      37 |      13 |  26.0
       D:13 |    2213 |    6078 |  73.3 |      18 |       6 |  25.0
       D:14 |    4766 |    3249 |  40.5 |      17 |       5 |  22.7
       D:15 |    7872 |    2319 |  22.8 |      25 |       3 |  10.7
     Lair:1 |    4589 |     819 |  15.1 |      18 |       7 |  28.0
     Lair:2 |    3773 |    5893 |  61.0 |      13 |      40 |  75.5
     Lair:3 |    5106 |    1852 |  26.6 |      23 |      27 |  54.0
     Lair:4 |    9275 |       0 |   0.0 |      19 |       0 |   0.0
     Lair:5 |   10766 |    1127 |   9.5 |      39 |       7 |  15.2
     Lair:6 |    8628 |    8180 |  48.7 |      16 |      12 |  42.9
    Swamp:1 |   13628 |    3059 |  18.3 |      34 |       1 |   2.9
    Swamp:2 |    4863 |       0 |   0.0 |      13 |       0 |   0.0
      Sewer |       0 |      53 | 100.0 |       0 |      18 | 100.0
     Bailey |       0 |    1010 | 100.0 |       0 |      24 | 100.0
            +---------+---------+-------+---------+---------+-------

Vault maps used:
D:1:      lightli_arrival_flooded_house
D:2:      lemuel_crystal_altar, kennysheep_slug_shrine, serial_co_window_serial,
          co_window_paths_a, co_window_cross_1, co_window_corner_a,
          co_window_paths_a, co_window_paths_b, co_window_broadway_b,
          co_window_paths_c, co_window_corner_b, co_window_of_opportunity_c,
          co_window_broadway_a, co_window_4corner_b, glass_columns_a,
          glass_columns_b, glass_columns_c, glass_columns_b, glass_columns_a,
          uniq_sigmund, uniq_natasha
D:3:      overflow_temple_1_default, marbit_many_paths, first_ration
D:4:      kennysheep_mini, chei_slow_surprise
D:5:      old_standard_altar, serial_shops, nicolae_shop_statue_plus,
          gup_sewer_entry_glass, nicolae_qazlal_eye_of_the_storm
D:6:      basic_altar, uniq_edmund
D:7:      grunt_temple_overflow_holy_war, lemuel_coloured_pillars_altar,
          minmay_temple_entry_antechambers, hangedman_abyss_or_decor_passed,
          minmay_misc_feat_iff, grunt_ogre_cave, minmay_manual_mess,
          uniq_crazy_yiuf_cottage, uniq_pikel
D:8:      ashenzari_altar_1, basic_altar, lemuel_blue_sif_altar
D:9:      dpeg_oklobed_lair, lightli_orcish_oven
D:10:     enter_bailey_2, special_room, hangedman_decor_riveting
D:11:     minmay_orc_entry_temple_small
D:12:     hangedman_batty
D:13:     david_vaults_4, kennysheep_just_a_vault, uniq_erolcha, uniq_kirke
D:14:     lemuel_altar_in_water, kennysheep_four_rooms
D:15:     grunt_enter_depths_snipers, minmay_curled_crystal
Lair:1:   gammafunk_ghost_ooze, st_stairs_12, chequers_serial_rivers_large_b
Lair:2:   minmay_guarded_unrand_snakebite, grunt_forest_large_clearings,
          grunt_megastairs_3
Lair:3:   lemuel_slime, minmay_swamp_entry_swarm, dummy_snake_entry,
          lemuel_fruit_tree
Lair:4:   basic_altar, columned_hall_lemuel
Lair:5:   dpeg_slime_entry_enclosed_altar, forest_entry_grove
Lair:6:   due_jungle_book, lemuel_oklob_altar, serial_bayou_shore_b,
          serial_bayou_shore_a, uniq_josephine, uniq_sonja, uniq_rupert
Swamp:1:  evilmike_swamp_ruin_house_5, swamp_pool2, uniq_jorgrun
Swamp:2:  evilmike_swamp_ruin_rubble_1
Sewer:    sewer_co_scattered_pipes
Bailey:   bailey_axe_1, bailey

Table legend:
 A = Turns spent in this place as a percentage of turns spent in the entire game.
 B = Non-inter-level travel turns spent in this place as a percentage of non-inter-level travel turns spent in the entire game.
 C = Inter-level travel turns spent in this place as a percentage of turns spent in this place.
 D = Turns resting spent in this place as a percentage of non-inter-level travel turns spent in this place.
 E = Turns spent auto-exploring this place as a percentage of non-inter-level travel turns spent in this place.
 F = Non-inter-level travel turns spent in this place divided by the number of levels of this place that you've seen.
                   A       B       C       D       E      F
               +-------+-------+-------+-------+-------+----------------------
         Total | 100.0 | 100.0 |   3.8 |  29.0 |  48.9 | 1223.6
       Dungeon |  53.3 |  53.4 |   3.8 |  23.1 |  55.9 | 1088.0
          Lair |  38.1 |  37.8 |   4.6 |  37.1 |  41.3 | 1924.7
         Swamp |   5.1 |   5.3 |   0.9 |  41.3 |  41.0 | 811.0
         Sewer |   2.8 |   2.9 |   0.0 |  18.2 |  44.1 | 901.0
        Bailey |   0.6 |   0.6 |   0.0 |   3.5 |  10.1 | 198.0
               +-------+-------+-------+-------+-------+----------------------

Table legend:
 A = Kills in this place as a percentage of kills in entire the game.
 B = Kills by you in this place as a percentage of kills by you in the entire game.
 C = Kills by friends in this place as a percentage of kills by friends in the entire game.
 D = Other kills in this place as a percentage of other kills in the entire game.
 E = Experience gained in this place as a percentage of experience gained in the entire game.
 F = Experience gained in this place divided by the number of levels of this place that you have seen.
                   A       B       C       D       E      F
               +-------+-------+-------+-------+-------+----------------------
         Total | 100.0 | 100.0 | 100.0 | 100.0 | 100.0 | 5423.2
       Dungeon |  56.4 |  56.8 |  50.0 |   0.0 |  39.1 | 3530.7
          Lair |  31.0 |  30.5 |  50.0 | 100.0 |  44.3 | 10001.3
         Swamp |   6.7 |   6.8 |   0.0 |   0.0 |  15.9 | 10775.0
         Sewer |   2.5 |   2.5 |   0.0 |   0.0 |   0.0 |  53.0
        Bailey |   3.4 |   3.4 |   0.0 |   0.0 |   0.7 | 1010.0
               +-------+-------+-------+-------+-------+----------------------
